AoeStats
← AltF4

Arena

509459694Analyzed
2v2 RM · 6d ago on Sep 26, 2026· 36m 53s· 4 players
Game mode
Random Map
Map size
Medium (4 player)
Population
200
Speed
Normal
Resources
Standard
Victory
Conquest
Starting age
Dark Age
Ending age
Imperial Age
RankedLock teamsTeams togetherTeam positionsShared explorationLock speedFull tech treeHidden civsTurbo modeCheats
Victory
Defeat
🇦🇷 Ethiopians · Argentina
1150
+15
🇦🇷 Gurjaras · Argentina
1130
+17
🇧🇷 Ethiopians · Brazil
1135
-16
🇧🇷 Gurjaras · Brazil
1134
-16
bote.
10:27 Feudal Age
12:09 Loom
15:42 Castle Age
kiyoshi
10:27 Feudal Age
11:42 Loom
14:21 Castle Age
19:23 Wheelbarrow
22:05 Redemption
23:21 Sanctity
28:51 Atonement
28:53 Devotion
33:02 Imperial Age
33:24 Crossbowman
34:35 Fletching
34:17 Elite Skirmisher
AltF4
7:19 Loom
9:37 Feudal Age
10:55 Double-Bit Axe
13:13 Fletching
21:31 Castle Age
21:15 Padded Archer Armor
21:43 Horse Collar
22:30 Gold Mining
22:50 Bodkin Arrow
22:16 Crossbowman
23:35 Bow Saw
24:32 Thumb Ring
26:09 Gold Shaft Mining
27:31 Ballistics
27:48 Heavy Plow
34:39 Imperial Age
33:37 Wheelbarrow
35:18 Hand Cart
36:19 Chemistry
35:27 Bracer
34:48 Arbalester
GeoOmar
8:34 Feudal Age
6:52 Loom
12:26 Castle Age
11:30 Double-Bit Axe
22:39 Redemption
22:36 Horse Collar
24:58 Bow Saw
25:40 Fervor
25:56 Sanctity
29:28 Wheelbarrow
30:52 Atonement
37:00 Imperial Age
34:48 Hand Cart
34:45 Devotion
35:08 Heresy
34:54 Town Watch
Connection lost

Rejoining the realm…

Still unreachable

The connection could not be restored.

Session expired

The server has moved on; the page needs a fresh start.